Map: Ever Dream LE

Players

Trap

  • Race: Protoss Protoss
  • League: Master
  • Spawn Location: 1:00

TYTY (TY) - Winner!

  • Race: Terran Terran
  • League: Grandmaster
  • Spawn Location: 7:00

Event: DreamHack SC2 Masters 2020 Fall

VOD

Have the link to the VOD?

Description

Time

  • Played on: Sept. 15, 2020, 11:09 a.m.
  • Length: 13:05

All games in this series

Show
View Real Time Build Order
Export as new Build Order

Trap Protoss 

Build Orders: 1 Gate Expand, Oracle Opening, Phoenix Opening 

Get SALT Encoding   

  12  0:00  Probe  
  13  0:12  Probe  
  14  0:17  Pylon  
  14  0:24  Probe (Chrono Boost)  
  15  0:35  Gateway  
  15  0:36  Probe (Chrono Boost)  
  16  0:44  Probe (Chrono Boost)  
  16  0:45  Assimilator  
  17  0:51  Probe  
  18  1:03  Probe  
  19  1:15  Probe  
  20  1:21  Nexus  
  20  1:31  Cybernetics Core  
  20  1:34  Probe  
  21  1:40  Assimilator  
  21  1:46  Probe  
  22  1:50  Pylon  
  22  1:58  Probe  
  23  2:05  Stalker (Chrono Boost)  
  25  2:11  Shield Battery  
  25  2:12  Probe  
  26  2:19  Warp Gate  
  25  2:24  Probe  
  25  2:26  Adept (Chrono Boost)  
  28  2:35  Stargate  
  28  2:39  Probe  
  28  2:42  Probe  
  30  2:49  Stalker (Chrono Boost)  
  32  2:52  Probe  
  32  2:56  Probe  
  34  3:04  Shield Battery  
  34  3:16  Stalker (Chrono Boost)  
  34  3:17  Probe x2  
  38  3:21  Oracle (Chrono Boost)  
  41  3:29  Probe  
  41  3:30  Probe  
  43  3:40  Pylon  
  43  3:42  Probe x2  
  43  3:49  Phoenix (Chrono Boost)  
  43  3:53  Gateway  
  45  3:56  Probe  
  45  3:58  Probe  
  47  4:09  Phoenix  
  45  4:15  Probe x2  
  41  4:27  Probe  
  41  4:28  Probe  
  43  4:39  Probe  
  43  4:42  Probe  
  45  4:54  Probe (Chrono Boost)  
  45  4:55  Probe (Chrono Boost)  
  45  4:56  Assimilator  
  45  4:57  Assimilator  
  45  4:59  Pylon  
  45  5:00  Stalker  
  45  5:04  Probe (Chrono Boost)  
  45  5:06  Probe (Chrono Boost)  
  49  5:09  Probe (Chrono Boost), Adept  
  52  5:15  Probe  
  52  5:20  Phoenix (Chrono Boost)  
  55  5:22  Probe (Chrono Boost)  
  55  5:27  Probe (Chrono Boost)  
  57  5:38  Probe x2 (Chrono Boost)  
  57  5:40  Forge  
  58  5:44  Twilight Council  
  58  5:47  Phoenix  
  60  5:51  Stalker  
  60  5:53  Pylon  
  60  5:55  Pylon  
  62  6:02  Probe  
  62  6:03  Probe  
  62  6:09  Stalker  
  62  6:16  Probe x2  
  60  6:19  Phoenix (Chrono Boost)  
  60  6:22  Nexus  
  60  6:24  Blink (Chrono Boost)  
  62  6:29  Probe x2  
  62  6:37  Stalker x2  
  66  6:41  Gateway  
  66  6:46  Gateway  
  66  6:49  Oracle (Chrono Boost)  
  69  6:56  Gateway  
  69  7:00  Gateway  
  69  7:07  Stalker  
  71  7:08  Stalker  
  71  7:12  Probe x2  
  75  7:24  Probe x2  
  75  7:26  Pylon  
  75  7:29  Forge  
  77  7:32  Pylon  
  77  7:35  Stalker  
  77  7:36  Stalker  
  81  7:42  Sentry x2  
  81  7:43  Probe  
  81  7:44  Probe x2  
  88  7:55  Probe  
  88  7:56  Stalker x2  
  93  7:59  Stalker  
  93  8:00  Protoss Ground Weapons Level 1 (Chrono Boost)  
  93  8:01  Stalker  
  97  8:06  Probe x2  
  97  8:08  Probe, Pylon  
  97  8:12  Stalker, Sentry  
  104  8:21  Probe x3  
  104  8:25  Charge (Chrono Boost)  
  107  8:31  Robotics Facility  
  107  8:35  Probe x3  
  107  8:38  Shield Battery  
  107  8:39  Shield Battery, Pylon  
  108  8:49  Probe x3  
  108  8:55  Stalker x4  
  117  9:00  Stalker x2  
  121  9:04  Pylon  
  121  9:06  Pylon  
  121  9:08  Assimilator  
  121  9:09  Assimilator  
  121  9:11  Pylon  
  121  9:20  Gateway x2  
  121  9:29  Stalker x5  
  131  9:35  Stalker  
  127  9:48  Protoss Ground Armor Level 1 (Chrono Boost)  
  113  9:56  Warp Prism (Chrono Boost)  
  113  9:57  Zealot x2  
  113  9:58  Zealot x4  
  123  10:09  Templar Archives  
  123  10:17  Zealot x3  
  123  10:18  Nexus  
  123  10:21  Pylon  
  129  10:25  Observer  
  129  10:26  Zealot x2  
  129  10:28  Zealot  
  136  10:32  Zealot  
  136  10:33  Zealot  
  140  10:36  Probe x3  
  143  10:46  Psionic Storm  
  135  10:53  High Templar x2  
  135  10:54  Zealot x3, High Templar x2  
  135  10:55  Zealot  
  135  10:56  Probe x3  
  142  10:59  Archon  
  142  11:00  Archon  
  118  11:04  Immortal (Chrono Boost)  
  118  11:15  Zealot x2  
  118  11:16  Zealot x2  
  118  11:18  Probe x2  
  127  11:20  Probe  
  127  11:28  Zealot x2  
  127  11:30  Probe  
  103  11:39  High Templar x4  
  93  11:41  Zealot x2  
  93  11:45  Immortal  
  101  11:55  Stalker x2  
  105  12:04  Zealot x2  
  105  12:07  Gateway  
  109  12:10  Gateway  
  109  12:12  High Templar x2  
  109  12:13  Zealot x2  
  113  12:17  Archon  
  107  12:27  Stalker x3  
  107  12:28  Stalker  
  103  12:36  Archon  
  93  12:39  Zealot x2  
  95  12:44  Zealot x2  
  91  12:54  Zealot x4  
  95  13:00  Zealot x2  
Show
View Real Time Build Order
Export as new Build Order

TYTY Terran - Winner!

Build Orders: 1/1/1 

Get SALT Encoding   

  12  0:00  SCV  
  13  0:12  SCV  
  14  0:17  Supply Depot  
  14  0:24  SCV  
  15  0:38  SCV  
  15  0:39  Barracks  
  16  0:44  Refinery  
  16  0:50  SCV  
  16  0:54  Refinery  
  17  1:03  SCV  
  18  1:15  SCV  
  19  1:26  Marine  
  19  1:29  Orbital Command  
  20  1:33  Factory  
  20  1:42  Supply Depot  
  20  1:49  Barracks Reactor  
  20  1:55  SCV  
  21  2:04  Supply Depot  
  21  2:07  SCV  
  22  2:19  SCV, Starport  
  23  2:28  Hellion  
  23  2:29  Hellion  
  27  2:31  SCV  
  28  2:44  SCV  
  29  2:45  Supply Depot  
  30  2:56  Armory, Widow Mine x2  
  32  3:01  Medivac  
  35  3:05  SCV  
  35  3:18  SCV, Widow Mine x2  
  40  3:21  Barracks Reactor  
  40  3:25  Supply Depot  
  40  3:30  SCV  
  41  3:39  Widow Mine  
  45  3:48  Medivac, Widow Mine  
  46  4:01  Marine  
  46  4:02  Hellion x2, Command Center, Marine  
  48  4:14  SCV  
  48  4:16  Widow Mine  
  47  4:18  Medivac  
  47  4:19  Marine  
  47  4:22  Marine  
  51  4:26  SCV  
  50  4:31  Supply Depot  
  50  4:36  Marine  
  49  4:40  Marine  
  49  4:42  Widow Mine  
  48  4:54  Marine  
  48  4:57  Marine  
  50  5:05  Widow Mine x2  
  54  5:12  Marine  
  52  5:14  Viking  
  52  5:15  Marine  
  52  5:18  Orbital Command  
  51  5:22  SCV  
  51  5:27  Widow Mine x2  
  56  5:33  Marine x2  
  58  5:37  SCV  
  57  5:45  SCV, Barracks  
  57  5:49  Viking  
  61  5:50  SCV  
  61  5:57  Widow Mine  
  61  5:58  Widow Mine  
  61  5:59  SCV  
  61  6:02  SCV  
  67  6:04  Marine x2  
  67  6:11  SCV  
  66  6:14  SCV  
  66  6:22  Marine x2  
  66  6:23  SCV, Starport Tech Lab  
  66  6:25  Engineering Bay, Barracks  
  73  6:26  SCV  
  74  6:32  Supply Depot  
  74  6:35  SCV  
  74  6:38  SCV  
  70  6:40  Marine x2  
  72  6:47  SCV  
  72  6:50  SCV, Starport Reactor  
  72  6:51  Stimpack, Marauder  
  76  6:54  Supply Depot, Terran Infantry Weapons Level 1  
  76  6:59  SCV, Refinery, Marine x2  
  79  7:02  SCV, Missile Turret  
  80  7:11  SCV  
  80  7:13  Marauder, Barracks Tech Lab  
  83  7:17  SCV, Marine x2  
  83  7:19  Command Center  
  84  7:23  SCV  
  84  7:26  Factory Tech Lab  
  84  7:28  Medivac x2  
  90  7:33  Concussive Shells, Marauder  
  90  7:34  Refinery  
  93  7:38  Marine  
  94  7:45  Missile Turret  
  94  7:46  Marine  
  94  7:47  SCV, Supply Depot  
  94  7:49  Supply Depot  
  94  7:55  SCV, Barracks x2  
  94  7:58  Marine  
  94  8:08  Marine  
  94  8:09  SCV x2, Siege Tank  
  94  8:11  Supply Depot  
  100  8:13  Supply Depot, Marauder  
  101  8:21  Viking x2  
  101  8:23  Marine x2  
  109  8:27  Marauder  
  109  8:31  Orbital Command  
  109  8:37  Marine  
  108  8:41  Marine  
  108  8:43  Siege Tank  
  108  8:44  SCV x2  
  108  8:48  Marine x2  
  111  8:50  Terran Infantry Armor Level 1  
  111  8:56  Combat Shield, Marauder  
  111  8:58  Orbital Command  
  111  9:01  SCV x2  
  115  9:06  Marine x3  
  118  9:12  Missile Turret  
  123  9:17  Siege Tank  
  123  9:20  Marauder  
  123  9:37  Marauder, Marine x2  
  123  9:41  Medivac x2  
  123  9:42  Marauder  
  123  9:43  SCV x2  
  123  9:44  SCV  
  124  9:47  Ghost Academy  
  113  9:55  SCV x2, Marine  
  113  9:57  SCV  
  113  9:58  Marauder, Siege Tank  
  120  10:01  Refinery x2  
  120  10:03  Marauder, Marine  
  122  10:07  SCV  
  122  10:09  SCV  
  122  10:12  SCV, Engineering Bay  
  125  10:15  Barracks Tech Lab  
  125  10:16  Liberator x2  
  125  10:19  SCV  
  125  10:21  Barracks Reactor, SCV  
  133  10:22  Marine  
  133  10:23  Marine  
  133  10:24  SCV  
  136  10:30  Engineering Bay  
  136  10:31  Missile Turret x2  
  136  10:32  Marine x2  
  136  10:33  Marine  
  139  10:40  Marine x2  
  139  10:41  SCV x2  
  133  10:50  Marine x3  
  128  10:59  Viking  
  128  11:00  Marine x2  
  128  11:01  Marine  
  124  11:05  Marine  
  124  11:07  Siege Tank  
  124  11:08  Marine  
  129  11:18  Missile Turret, Marine x2  
  129  11:19  SCV  
  129  11:20  Supply Depot  
  129  11:21  Missile Turret  
  132  11:28  Marine x2  
  120  11:37  Unknown x2  
  120  11:38  Marine x2  
  122  11:48  Barracks  
  122  11:49  Marine x2, Barracks  
  122  11:53  Factory Reactor  
  124  11:57  SCV x2, Command Center  
  124  11:59  Marine  
  124  12:00  Marine x2  
  129  12:03  SCV  
  129  12:04  Unknown  
  129  12:05  Unknown  
  128  12:09  SCV, Marauder x2, Marine x2  
  128  12:10  SCV  
  128  12:15  SCV  
  129  12:28  Marauder  
  128  12:31  Marauder  
  128  12:32  Marauder  
  128  12:34  Marine x2  
  128  12:41  Widow Mine x2  
  128  12:43  Marine x3  

Tags
 
Add a new tag
Caveats
  • Supply blocks, unpowered buildings, or Contaminate may cause inaccurate times.
  • Supply counts are checked every 10 seconds.